 Dungeon Crawl Stone Soup version 0.32-a0-519-g08f29ac1c3 (webtiles) character file.

Game seed: 4907791721609180023

1221 seren the Sneak (level 8, -5/56 (61) HPs)
             Began as a Coglin Brigand on Feb 27, 2024.
             Was an Initiate of Gozag.
             Slain by a wight
             ... wielding a +2 halberd
              (9 damage)
             ... on level 6 of the Dungeon.
             The game lasted 00:19:41 (5473 turns).

seren the Sneak (Coglin Brigand)                    Turns: 5473, Time: 00:19:41

HP:   -5/56 (61)    AC:  7    Str: 11    XL:     8   Next: 47%
MP:   8/8           EV: 14    Int: 11    God:    Gozag
Gold: 122           SH:  0    Dex: 21    Spells: 7/7 levels left

rFire   . . .        w - +5 dagger of Nammalem {pain, rElec Dex+3}
rCold   . . .        a - +2 dagger {Arashi}
rNeg    + . .        p - +1 robe {rN+}
rPois   .            b - +0 helmet
rElec   +            u - +1 cloak
rCorr   .            m - +0 pair of gloves
SInv    .            (no boots)
Will    .....        (no amulet)
Stlth   +++          (ring unavailable)
HPRegen 0.29/turn    (ring unavailable)
MPRegen 0.11/turn

%: no passive effects
@: drained
A: off-hand wielding, slow wielding, warmup strikes, no rings
a: Renounce Religion, Potion Petition, Call Merchant, Bribe Branch


You were on level 6 of the Dungeon.
You worshipped Gozag.
Gozag was aware of your devotion.
You visited 2 branches of the dungeon, and saw 7 of its levels.

You collected 196 gold pieces.
You spent 30 gold pieces at shops.
You paid 44 gold pieces to Gozag.

Inventory:

Hand Weapons
 a - a +2 dagger (offhand) {Arashi}
 h - a +0 short sword {Sukanya}
 w - the +5 dagger of Nammalem (weapon) {pain, rElec Dex+3}
   (You found it on level 4 of the Dungeon)

   Dex+3:     It affects your dexterity (+3).
   rElec:     It insulates you from electricity.
Missiles
 d - 17 poisoned darts (quivered)
 e - 3 curare-tipped darts
Armour
 b - a +0 helmet (worn)
 m - a +0 pair of gloves (worn)
 p - a +1 robe of positive energy (worn)
 u - a +1 cloak (worn)
Jewellery
 t - an amulet of magic regeneration
Wands
 c - a wand of digging (6)
Scrolls
 f - 3 scrolls of enchant weapon
 g - 3 scrolls of teleportation {!r}
 i - 4 scrolls of poison
 k - 2 scrolls of fear {unknown}
 l - a scroll of summoning {unknown}
 r - a scroll of immolation {unknown}
 s - 3 scrolls of vulnerability {unknown}
 y - 2 scrolls of amnesia {unknown}
 A - a scroll of identify
Potions
 j - 5 potions of haste
 n - a potion of berserk rage {unknown}
 o - a potion of ambrosia {unknown}
 q - 2 potions of mutation {unknown}
 v - a potion of attraction {unknown}
 x - a potion of brilliance {unknown}
 z - a potion of resistance {unknown}


   Skills:
 + Level 4.7 Fighting
 + Level 4.3 Short Blades
 - Level 4.2 Throwing
 + Level 0.7 Armour
 + Level 4.1 Dodging
 - Level 5.0 Stealth


You had 7 spell levels left.
You didn't know any spells.
Your spell library contained the following spells:

 Spells                   Type           Power      Damage    Failure   Level
 Shock                    Conj/Air       0%         1d3       34%         1
 Mercury Vapours          Alch/Air       0%         N/A       47%         2
 Mephitic Cloud           Conj/Alch/Air  0%         N/A       71%         3
 Summon Ice Beast         Ice/Summ       0%         N/A       71%         3
 Swiftness                Air            0%         N/A       71%         3
 Airstrike                Air            0%         2d(0-16)  98%         4
 Freezing Cloud           Conj/Ice/Air   0%         6-21      100%        5
 Summon Mana Viper        Hex/Summ       0%         N/A       100%        5
 Monstrous Menagerie      Summ           0%         N/A       100%        7


Dungeon Overview and Level Annotations

Branches:
Dungeon (6/15)             Temple (1/1) D:5

Altars:
Ashenzari
Cheibriados
Elyvilon
Fedhas
Gozag
Kikubaaqudgha
Makhleb
Nemelex Xobeh
Okawaru
Qazlal
Ru
Sif Muna
Trog
Uskayaw
Wu Jian
Xom
Zin
The Shining One

Shops:
D:1 (   D:2 *   D:4 [=[   D:5 ?[*=

Annotations:
D:4 exclusion: ogre


Innate Abilities, Weirdness & Mutations

You can wield a second weapon in your off-hand.
It takes a long time for you to wield or remove held weapons.
Your first few attacks do less damage.
Your grasper-arms cannot wear rings.


Message History

The wight is lightly damaged.
You hit the wight with your +2 dagger.
You hit the wight with the +5 dagger of Nammalem.
The wight is moderately damaged.
You hit the wight with your +2 dagger. You hit the wight but do no damage.
The wight is heavily damaged.
You hit the wight with your +2 dagger.
The wight hits you with a +3 great sword of freezing!
You partially resist.
You feel drained. The wight freezes you.
A wight comes into view. It is wielding a +0 hand axe.
You hit the wight with your +2 dagger.
The wight is severely damaged.
You closely miss the wight with the +5 dagger of Nammalem.
The wight hits you with a +3 great sword of freezing!
* * * LOW HITPOINT WARNING * * *
The wight freezes you.
* * * LOW HITPOINT WARNING * * *
You barely miss the wight with your +2 dagger.
The wight is severely damaged.
You hit the wight with the +5 dagger of Nammalem.
The wight hits you from afar with a +2 halberd.
* * * LOW HITPOINT WARNING * * *
The wight barely misses you. The wight attacks as it pursues you!
The wight hits you from afar with a +2 halberd!
* * * LOW HITPOINT WARNING * * *
You partially resist.
You feel drained.
* * * LOW HITPOINT WARNING * * *
The wight attacks as it pursues you!
The wight hits you from afar with a +2 halberd!
* * * LOW HITPOINT WARNING * * *
You partially resist.
You feel drained.
* * * LOW HITPOINT WARNING * * *
The wight attacks as it pursues you! The wight closely misses you.
There is a stone staircase leading up here.
The wight completely misses you.
The wight hits you from afar with a +2 halberd!
You die...
Your body crumbles into a pile of gold.

##.........<.).....#
##..................#
#..................##
#....)..z..........#
###...............##
# ##.............##
### ##......zz....#
..### #..#......z..##
....###.####....@.##
......#.# ###....#
........## ######
.........###
...........#
...........#
...........#
...........#
...........#


You could see 4 wights.

Vanquished Creatures
  A water moccasin (D:5)
  An ice beast (D:5)
  A black bear (D:5)
  An ogre (D:5)
  A phantom (D:5)
  A bullfrog (D:6)
  A scorpion (D:4)
  A bombardier beetle (D:4)
  3 hounds
  A gnoll bouda (D:3)
  An orc priest (D:3)
  A jelly (D:6)
  A sleepcap (D:5)
  2 iguanas (D:5)
  An orc wizard (D:5)
  Robin (D:4)
  8 gnolls
  11 adders
  A ribbon worm (D:2)
  4 dart slugs
  13 orcs
  5 ball pythons
  2 bats
  14 endoplasms
  3 giant cockroaches
  10 hobgoblins
  14 jackals
  4 quokkas
  A frilled lizard (D:1)
  16 goblins
  9 kobolds
  4 rats (D:1)
138 creatures vanquished.

Notes
Turn   | Place    | Note
-------+----------+-------------------------------------------
     0 | D:1      | seren the Coglin Brigand began the quest for the Orb.
     0 | D:1      | Reached XP level 1. HP: 16/16 MP: 1/1
   111 | D:1      | Reached skill level 1 in Dodging
   185 | D:1      | Reached XP level 2. HP: 15/22 MP: 2/2
   370 | D:1      | Found Rouwnuel's Antique Weapon Shoppe.
   742 | D:1      | Reached XP level 3. HP: 26/27 MP: 3/3
  1074 | D:2      | Reached XP level 4. HP: 34/34 MP: 4/4
  1107 | D:2      | Found Leotesoc's General Store.
  1606 | D:1      | Reached XP level 5. HP: 37/40 MP: 5/5
  1943 | D:2      | Found a faded altar of an unknown god.
  2500 | D:3      | Found a shimmering altar of Xom.
  2501 | D:3      | Found a hide-covered altar of Uskayaw.
  3061 | D:3      | Found a bloodstained altar of Trog.
  3160 | D:4      | Noticed Robin
  3177 | D:3      | Reached XP level 6. HP: 43/47 MP: 6/6
  3211 | D:3      | Reached skill level 4 in Stealth
  3287 | D:4      | Killed Robin
  3517 | D:4      | Found Muqab's Jewellery Shoppe.
  3879 | D:4      | Found an ancient bone altar of Kikubaaqudgha.
  3891 | D:4      | Identified the +5 dagger of Nammalem {pain, rElec Dex+3}
  4017 | D:4      | Found a snail-covered altar of Cheibriados.
  4047 | D:4      | Found Hec Velu's Antique Armour Shop.
  4239 | D:4      | Found Taihiro's Antique Armour Boutique.
  4496 | D:4      | Reached XP level 7. HP: 52/52 MP: 7/7
  4548 | D:5      | Entered Level 5 of the Dungeon
  4812 | D:5      | Found Sywienuod's Armour Shoppe.
  4946 | D:5      | Reached XP level 8. HP: 60/60 MP: 8/8
  5003 | D:5      | Found Wigrena's Jewellery Shop.
  5042 | D:5      | Found Quriogid's Assorted Antiques.
  5045 | D:5      | Found a staircase to the Ecumenical Temple.
  5068 | Temple   | Entered the Ecumenical Temple
  5097 | Temple   | Became a worshipper of Gozag Ym Sagoz the Greedy
  5215 | D:5      | Reached skill level 5 in Stealth
  5267 | D:5      | Found Afuront's Magic Scroll Emporium.
  5275 | D:5      | Bought a scroll of identify for 30 gold pieces
  5473 | D:6      | Slain by a wight

Illustrated notes

Levels and vault maps discovered:
D:1:      wander_arrival_desolate, layout_basic, serial_shops, shop,
          serial_bayou_lake_a
D:2:      layout_basic, serial_shops, shop,
          shapermc_ecumenical_altar_hornbeckon, roderic_lattice_a,
          minmay_misc_feat_pillars, serial_park_tiny_pond
D:3:      layout_basic, mainiacjoe_overflow_divided_tiny, lightli_temple_of_fire
D:4:      layout_cave_pods, mainiacjoe_overflow_large_starburst, serial_shops,
          nicolae_shop_tiny_glass, nicolae_lakefront_shop,
          nicolae_shop_tiny_statue_garden, uniq_robin
D:5:      layout_basic, minmay_temple_entry_offerings, serial_shops, shop,
          nicolae_shop_tiny_real_fake_doors, shop, nicolae_square_shop
D:6:      layout_cave_pods, kennysheep_little_box, kennysheep_potato
Temple:   oiseaux_autumnal_temple

Skill      XL: |  1  2  3  4  5  6  7  8 |
---------------+-------------------------+-----
Dodging        | 1 2 3 4 |  4.1
Throwing       | 2 3 4 |  4.2
Short Blades   | 2 3 4 |  4.3
Fighting       | 3 4 |  4.7
Stealth        | 4 5 |  5.0
Armour         | |  0.7

Action                     |  1- 3 |  4- 6 |  7- 9 || total
---------------------------+-------+-------+-------++-------
  Melee: Dagger            |   114 |   260 |   180 ||   554
         Short sword       |    38 |   184 |       ||   222
    Use: Scroll            |       |       |     4 ||     4
   Stab: Sleeping          |     8 |     9 |     4 ||    21
 Armour: Robe              |    46 |   121 |    54 ||   221
  Dodge: Dodged            |    54 |   169 |    70 ||   293
         Repelled          |     1 |     1 |       ||     2

Table legend: (Time is in decaauts)
 A = Elapsed time spent in this place.
 B = Non-inter-level travel time spent in this place.
 C = Inter-level travel time spent in this place.
 D = Time resting spent in this place.
 E = Time spent auto-exploring this place.
 F = Levels seen in this place.
 G = Mean time per level.
                   A        B        C        D        E       F      G
               +--------+--------+--------+--------+--------+-----+--------+
         Total |   5451 |   5258 |    193 |    729 |   2707 |   7 |  778.7 |
       Dungeon |   5399 |   5226 |    173 |    729 |   2707 |   6 |  899.8 |
        Temple |     52 |     32 |     20 |      0 |      0 |   1 |   52.0 |
               +--------+--------+--------+--------+--------+-----+--------+

Top non-repeatable levels by time:
     D:3: 1391 daAuts
     D:4: 1148 daAuts
     D:1: 1044 daAuts
     D:2: 964 daAuts
     D:5: 734 daAuts
     D:6: 115 daAuts
  Temple: 52 daAuts
